 Dungeon Crawl Stone Soup version 0.17-a0-1311-gbcbd859 (webtiles) character file.

300320 nuthulu the Hoplite (level 21, -33/137 HPs)
             Began as a Gargoyle Fighter on June 7, 2015.
             Was the Champion of Okawaru.
             Annihilated by a vault warden
             ... wielding a +6 antimagic great sword
              (40 damage)
             ... on level 2 of the Vaults on June 8, 2015.
             The game lasted 03:02:22 (50893 turns).

nuthulu the Hoplite (Gargoyle Fighter)             Turns: 50893, Time: 03:02:22

Health: -33/137    AC: 54    Str: 38      XL:     21   Next: 1%
Magic:  10/21      EV:  8    Int:  4 (5)  God:    Okawaru [******]
Gold:   1567       SH: 30    Dex: 15      Spells: 0 memorised, 20 levels left

rFire  + . .     SeeInvis .     L - +10 mace "X" {crush, Str+3}
rCold  + . .     Clarity  +     s - +2 crystal plate armour
rNeg   + . .     SustAt   .     c - +2 large shield
rPois  ∞         Gourm    .     J - +2 helmet of Infinity {Str+2}
rElec  +         Spirit   .     g - +0 cloak of the Princess {rC+ Regen+ rCorr Int-5}
rCorr  +         Warding  .     b - +2 pair of gloves {Str+3}
rMut   .         Rnd*Tele +     B - +2 pair of boots
MR     ++...                    m - amulet "Ilosaoj" {Clar Str+2 Dex+5}
Stlth  ..........               z - ring of protection from magic
                                E - ring of protection from fire

@: flying, very resistant to hostile enchantments, extremely unstealthy
A: big wings, hooves 1, berserk 1, blink 1, negative energy resistance 1,
electricity resistance, teleportitis 1, wild magic 1, unbreathing, petrification
resistance, rot immunity, AC +15
a: Stop Flying, Blink, Heroism, Finesse, Renounce Religion
}: 2/15 runes: serpentine, barnacled


You were on level 2 of the Vaults.
You worshipped Okawaru.
Okawaru was exalted by your worship.
You were not hungry.

You visited 7 branches of the dungeon, and saw 38 of its levels.
You also visited: Labyrinth.

You collected 4060 gold pieces.
You spent 2493 gold pieces at shops.

Inventory:

Hand weapons
 l - a +1 flail of protection
 o - the +8 trident of Isyfi {vamp, Int+3}
   (You found it on level 1 of the Snake Pit)

   It inflicts no extra harm, but heals its wielder somewhat when it strikes a
   living foe.
   It affects your intelligence (+3).
 L - the +10 mace "X" (weapon) {crush, Str+3}
   (You bought it in a shop on level 9 of the Dungeon)

   It inflicts extra damage upon your enemies.
   It affects your strength (+3).
 O - the +5 demon whip "Spellbinder" {antimagic, MR+}
   (Okawaru gifted it to you on level 6 of the Lair of Beasts)

   It disrupts the flow of magical energy around spellcasters and certain
   magical creatures (including the wielder).
   It affects your resistance to hostile enchantments.
Armour
 b - a +2 pair of gloves of strength (worn)
 c - a +2 large shield (worn)
 g - the +0 cloak of the Princess (worn) {rC+ Regen+ rCorr Int-5}
   (Okawaru gifted it to you on level 4 of the Snake Pit)

   It affects your intelligence (-5).
   It protects you from cold.
   It increases your rate of regeneration.
   It protects you from acid and corrosion.
 s - a +2 crystal plate armour (worn)
 B - a +2 pair of boots (worn)
 D - the +2 cloak of Starlight {rElec rC+ EV+4 Stlth--}
   (You found it on level 1 of the Lair of Beasts)

   It affects your evasion (+4).
   It protects you from cold.
   It insulates you from electricity.
   It makes you much less stealthy.
 J - the +2 helmet of Infinity (worn) {Str+2}
   (You found it on level 5 of the Lair of Beasts)

   It affects your strength (+2).
Jewellery
 j - an uncursed amulet of faith
 m - the amulet "Ilosaoj" (around neck) {Clar Str+2 Dex+5}
   (You bought it in a shop on level 4 of the Orcish Mines)

   [amulet of clarity]

   It provides mental clarity.
   It affects your strength (+2).
   It affects your dexterity (+5).
 u - an uncursed ring of magical power
 z - a ring of protection from magic (right hand)
 E - a ring of protection from fire (left hand)
 P - an uncursed ring of positive energy
 R - an uncursed ring of stealth
 S - an uncursed ring of fire
 V - an uncursed ring of fire
 W - an uncursed amulet of resist corrosion
Magical devices
 k - a wand of flame (8)
 v - a wand of flame (28)
 y - a wand of lightning (0)
 F - a wand of lightning (7)
 G - a wand of lightning (8)
 I - a wand of magic darts (7)
 X - a wand of draining (10)
Scrolls
 h - 6 scrolls of teleportation
 p - a scroll of fog
 q - a scroll of summoning
 x - 17 scrolls of remove curse
 C - 4 scrolls of identify
 H - 6 scrolls of recharging
 M - a scroll of fear
 N - 3 scrolls of enchant weapon
 Q - a scroll of magic mapping
Potions
 a - a potion of berserk rage
 d - 3 potions of brilliance
 i - 12 potions of curing
 n - 2 potions of flight
 r - 2 potions of resistance
 A - 5 potions of heal wounds
 K - a potion of cancellation
 T - 3 potions of magic
 U - a potion of agility
Comestibles
 e - 13 bread rations
 f - 10 meat rations
 t - 15 fruits
 w - 5 royal jellies
 Y - 6 beef jerkies


   Skills:
 * Level 16.4 Fighting
 * Level 18.3 Maces & Flails
 * Level 15.4 Armour
 - Level 1.0 Dodging
 * Level 24.3 Shields


You had 20 spell levels left.
You didn't know any spells.

Dungeon Overview and Level Annotations

Branches:
Dungeon (15/15)            Temple (1/1) D:6            Lair (8/8) D:8
 Shoals (4/4) Lair:3        Snake (4/4) Lair:3        Slime (0/6) Lair:7
    Orc (4/4) D:10            Elf (0/3) Orc:4        Vaults (2/5) D:14
 Depths (0/5) D:15
  Crypt: Vaults:2-3

Altars:
Ashenzari
Cheibriados
Dithmenos
Elyvilon
Fedhas
Gozag
Kikubaaqudgha
Makhleb
Nemelex Xobeh
Okawaru
Qazlal
Ru
Sif Muna
Trog
Vehumet
Xom
Yredelemnul
Zin
The Shining One

Shops:
D:9 (   Orc:4 ([=   Vaults:2 ?

Portals:
Hell: Lair:8

Annotations:
Lair:7 exclusion: 3 oklob plants


Innate Abilities, Weirdness & Mutations

You are resistant to torment.
Your stone body is resilient (AC +15).
You are immune to poison.
Your large and strong wings let you fly indefinitely.
You resist negative energy.
You are resistant to electric shocks.
You can survive without breathing.
You are immune to petrification.
You are immune to rotting.
You have large cloven feet.
You tend to lose your temper in combat.
You can translocate small distances at will.
You are occasionally teleported to nearby monsters.
Your spells are a little harder to cast, but a little more powerful.


Message History

You block the yaktaur's attack.
You bludgeon the ironbrand convoker!!
You kill the ironbrand convoker!
Okawaru accepts your kill. You block the centaur's attack.
You block the centaur warrior's attack.
The vault warden hits you with an antimagic great sword!!
* * * LOW HITPOINT WARNING * * *
You feel your power leaking away.
You sock the yaktaur!
The yaktaur is heavily wounded.
The centaur hits you but does no damage.
The yaktaur hits you but does no damage.
You block the centaur warrior's attack. You block the yaktaur's attack.
The centaur hits you but does no damage.
Unknown command.
You sock the yaktaur!
The yaktaur is almost dead.
You block the centaur warrior's attack.
The vault warden hits you with an antimagic great sword!!!
You die...

#.....# C.....#
+##+############+##
(#..#...#.#...#...#
.'..#...#.#...#...#
.#####'##.#...#...# ###
##........##'##...##((((
'...)...../...#ccp'.....
#))).###'##...#c@c'.....
#)##'#....#)####)##.....
+)#..#...>#)+.....# )))
#.#..#....#)#..=..# #
####'#######################
..................#........#
..(.).............'........#
.).().............#........#
.(.......)........#.....<..#


You could see a vault warden, a centaur warrior, 2 yaktaurs and a centaur.

Vanquished Creatures
  Mara (Vaults:2)
  Vashnia (Snake:2)
  Nikola (Snake:4)
  Jorgrun (Snake:4)
  Rupert (Lair:4)
  Polyphemus (Shoals:4)
  2 krakens
  An octopode crusher (Shoals:1)
  Frances (D:13)
  Roxanne (Shoals:4)
  Ilsuiw (Shoals:4)
  Wiglaf (Snake:4)
  10 greater nagas
  9 vault wardens
  Donald (Orc:3)
  Aizul (Snake:2)
  A curse skull (Vaults:2)
  8 ironheart preservers
  A very ugly thing (Vaults:2)
  3 stone giants (Vaults:2)
  A deep elf demonologist (Vaults:1)
  The ghost of sqallbeste the Cleaver, a powerful HOFi of Yredelemnul (Orc:4)
  2 ettins
  A minotaur (Lab)
  3 merfolk javelineers (Shoals:4)
  A deep elf death mage (Vaults:1)
  An eidolon (Vaults:2)
  7 merfolk impalers
  A great orb of eyes (Vaults:2)
  4 yaktaur captains
  A vault guard (Vaults:1)
  6 ogre magi
  2 fire dragons
  Erolcha (D:9)
  2 catoblepae
  3 merfolk avatars (Shoals:4)
  8 centaur warriors
  16 naga warriors
  11 hydras
  5 merfolk aquamancers
  20 anacondas
  A rakshasa (Vaults:1)
  9 death yaks
  A tengu warrior (D:13)
  7 shock serpents
  Urug (D:11)
  A deep troll shaman (Vaults:2)
  A deep troll earth mage (Vaults:2)
  12 naga sharpshooters
  A sun demon (Lair:8)
  A large abomination (Vaults:1)
  A vampire mage (Vaults:2)
  4 salamander mystics
  15 skeletal warriors
  A shadow wraith (Vaults:2)
  2 wizards
  A flayed ghost (Vaults:1)
  16 sea snakes
  5 naga ritualists
  7 ironbrand convokers
  3 unseen horrors
  A harpy (shapeshifter) (Vaults:1)
  A phantasmal warrior (D:15)
  2 giant orange brains
  7 hill giants
  A deep elf conjurer (Vaults:1)
  19 ugly things
  A hornet (Vaults:2)
  7 orc knights
  4 lindwurms (Snake:4)
  2 necromancers
  6 cyclopes
  A tengu skeleton (D:15)
  A human zombie (Vaults:1)
  3 wolf spiders (Vaults:2)
  8 griffons
  An orc sorcerer (Orc:2)
  9 harpies
  7 water nymphs
  13 mana vipers
  A faun (Shoals:3)
  9 salamanders
  4 manticores
  A hornet (shapeshifter) (D:15)
  A moth of wrath (shapeshifter) (Vaults:1)
  5 sirens
  29 elephants
  28 naga magi
  Joseph (D:9)
  8 guardian serpents (Snake:4)
  2 vault sentinels
  44 black mambas
  A smoke demon (Lair:8)
  2 torpor snails
  16 spiny frogs
  3 orange demons (Lair:8)
  A small abomination (Vaults:1)
  A yaktaur zombie (D:15)
  A gargoyle (D:10)
  A komodo dragon (shapeshifter) (Vaults:2)
  15 komodo dragons
  An efreet (D:14)
  3 kobold demonologists
  4 blue devils (Lair:8)
  2 deep elf priests (Vaults:1)
  2 fire drakes
  19 yaktaurs
  13 merfolk
  6 trolls
  2 polar bears (Lair:5)
  A queen bee (D:8)
  A wind drake (Shoals:4)
  11 two-headed ogres
  4 boulder beetles
  A raven (shapeshifter) (Vaults:2)
  2 hornet zombies (D:15)
  3 ravens (D:13)
  A jumping spider (shapeshifter) (D:13)
  A harpy skeleton (D:15)
  5 snapping turtles
  11 slime creatures
  An ettin zombie (D:15)
  8 blink frogs
  A blink frog (shapeshifter) (D:14)
  2 trapdoor spiders
  8 water elementals
  A deep troll skeleton (D:15)
  A spriggan (shapeshifter) (Vaults:1)
  16 humans (D:13)
  3 shadows
  2 wraiths
  10 hippogriffs
  3 hungry ghosts
  Eustachio (D:6)
  5 wyverns
  59 yaks
  2 deep elf magi
  4 basilisks
  2 deep elf fighters (Vaults:1)
  A tarantella (shapeshifter) (Vaults:2)
  9 vampire mosquitoes
  21 water moccasins
  2 wargs
  9 wolves
  3 steam dragons
  A soldier ant (D:13)
  6 mottled dragons
  39 nagas
  31 orc warriors
  A phantom (D:11)
  2 wasps
  35 ogres
  The ghost of asdu the Chucker, an average DDHu (D:3)
  4 ice beasts
  3 sky beasts
  A hornet simulacrum (D:15)
  2 black bears
  18 porcupines
  An eye of draining (D:10)
  27 centaurs
  A human skeleton (Vaults:1)
  A necrophage (D:9)
  15 crocodiles
  23 giant frogs
  Blork the orc (D:4)
  3 big kobolds
  2 wyvern zombies
  A yaktaur skeleton (Vaults:1)
  5 scorpions
  A wyvern skeleton (D:10)
  A gnoll sergeant (D:8)
  26 killer bees
  13 wights
  13 electric eels
  3 giant frog zombies
  3 crimson imps
  A quasit (D:13)
  4 centaur zombies
  6 hounds
  2 centaur skeletons
  7 jellies
  18 orc priests
  3 giant frog skeletons
  9 iguanas
  13 worker ants
  15 orc wizards
  8 sheep
  A hound zombie (D:11)
  A hound skeleton (D:9)
  2 worker ant zombies
  14 adders
  5 gnolls (D:8)
  99 river rats
  3 shadow imps
  An ooze (D:2)
  An adder zombie (D:9)
  2 worms
  An adder skeleton (D:7)
  4 giant geckos
  136 orcs
  13 bats
  2 bat skeletons (D:5)
  9 giant cockroaches
  2 gnoll zombies (D:3)
  12 goblins
  20 hobgoblins
  4 jackals (D:4)
  12 kobolds
  3 quokkas
  A giant cockroach zombie (D:6)
  5 giant newts
  A goblin skeleton (D:5)
  2 goblin zombies (D:5)
  2 hobgoblin zombies (D:5)
  2 kobold zombies (D:5)
  2 orc skeletons
  2 orc zombies
  21 rats
  A crawling corpse (Vaults:1)
  2 plants
  3 tentacles (Shoals:1)
1530 creatures vanquished.

Vanquished Creatures (collateral kills)
  An orange demon (Lair:8)
  A blue devil (Lair:8)
  A red devil (Lair:8)
  A water moccasin (Lair:2)
  An iguana (Lair:2)
5 creatures vanquished.

Vanquished Creatures (others)
  A shadow wraith (Vaults:2)
  A black mamba (Snake:4)
  A hellwing (Lair:8)
  3 blink frogs (Lair:8)
  A deep elf mage (Vaults:1)
  A deep elf fighter (Vaults:1)
  A hound (D:11)
  32 fungi
  17 plants
  6 tentacles
  373 tentacle segments (Shoals:1)
437 creatures vanquished.

Grand Total: 1972 creatures vanquished

Notes
Turn   | Place    | Note
--------------------------------------------------------------
     0 | D:1      | nuthulu the Gargoyle Fighter began the quest for the Orb.
     0 | D:1      | Reached XP level 1. HP: 14/14 MP: 1/1
   251 | D:1      | Reached XP level 2. HP: 16/19 MP: 2/2
  1018 | D:2      | Reached XP level 3. HP: 23/23 MP: 3/3
  1213 | D:2      | Noticed a moth of wrath
  1221 | D:2      | Found a bloodstained altar of Trog.
  1230 | D:2      | Reached skill level 1 in Dodging
  1537 | D:2      | Found a sacrificial altar of Ru.
  1633 | D:2      | Reached skill level 4 in Shields
  1633 | D:2      | Reached XP level 4. HP: 26/28 MP: 4/4
  1855 | D:3      | Noticed asdu's ghost (average DDHu)
  1883 | D:3      | Killed asdu's ghost
  1883 | D:3      | Reached XP level 5. HP: 22/33 MP: 5/5
  2490 | D:3      | Found a basalt altar of Yredelemnul.
  2688 | D:4      | Found an opulent altar of Gozag.
  2690 | D:4      | Found a glowing golden altar of the Shining One.
  2869 | D:4      | Reached XP level 6. HP: 37/39 MP: 6/6
  2967 | D:4      | Noticed Blork the orc
  2983 | D:4      | Killed Blork the orc
  2983 | D:4      | Reached skill level 5 in Shields
  3315 | D:4      | Noticed an ogre
  3332 | D:4      | Killed an ogre
  3346 | D:4      | Reached XP level 7. HP: 36/44 MP: 7/7
  3527 | D:5      | Entered Level 5 of the Dungeon
  3666 | D:5      | Found a glowing golden altar of the Shining One.
  3930 | D:5      | Reached skill level 5 in Fighting
  3980 | D:5      | Found a glowing silver altar of Zin.
  4065 | D:5      | Reached skill level 6 in Shields
  4156 | D:5      | Found an ancient bone altar of Kikubaaqudgha.
  4210 | D:5      | Reached skill level 5 in Armour
  4501 | D:6      | Reached XP level 8. HP: 45/50 MP: 8/8
  4515 | D:6      | Noticed a hill giant
  4527 | D:6      | Killed a hill giant
  4527 | D:6      | Reached skill level 7 in Shields
  4913 | D:6      | Reached skill level 5 in Maces & Flails
  5088 | D:6      | Found a staircase to the Ecumenical Temple.
  5093 | Temple   | Entered the Ecumenical Temple
  5323 | D:6      | Noticed Eustachio
  5354 | D:6      | Killed Eustachio
  5354 | D:6      | Reached skill level 8 in Shields
  5649 | D:6      | Found a sparkling altar of Nemelex Xobeh.
  5729 | D:7      | Reached XP level 9. HP: 56/56 MP: 9/9
  6017 | D:7      | Found an iron altar of Okawaru.
  6034 | D:7      | Became a worshipper of Warmaster Okawaru
  6478 | D:7      | Found a deep blue altar of Sif Muna.
  6483 | D:7      | Found a stormy altar of Qazlal.
  6828 | D:7      | Found a blossoming altar of Fedhas.
  7202 | D:8      | Reached skill level 9 in Shields
  7771 | D:8      | HP: 1/56 [queen bee (9)]
  7773 | D:8      | Acquired Okawaru's first power
  8122 | D:8      | Found a staircase to the Lair.
  8391 | D:8      | Found a radiant altar of Vehumet.
  8486 | D:8      | Noticed a cyclops
  8492 | D:8      | HP: 1/57 [cyclops/large rock (16)]
  8657 | D:8      | Reached XP level 10. HP: 15/63 MP: 10/10
  8663 | D:8      | Reached skill level 10 in Shields
  9240 | D:8      | Killed a cyclops
  9921 | D:9      | Noticed Joseph
  9933 | D:9      | Killed Joseph
 10271 | D:9      | Reached skill level 11 in Shields
 10556 | D:9      | Found Huschav's Weapon Shop.
 11257 | D:9      | Noticed Erolcha
 11277 | D:9      | Killed Erolcha
 11277 | D:9      | Reached XP level 11. HP: 57/68 MP: 8/11
 11718 | D:10     | Entered Level 10 of the Dungeon
 12189 | D:10     | Found a staircase to the Orcish Mines.
 12738 | D:10     | Noticed a fire dragon
 12760 | D:10     | HP: 1/69 [fire dragon (4)]
 12973 | Lair:1   | Entered Level 1 of the Lair of Beasts
 13531 | Lair:1   | Reached skill level 12 in Shields
 14177 | Lair:1   | Acquired Okawaru's second power
 16151 | Lair:3   | Reached XP level 12. HP: 76/76 MP: 12/12
 16178 | Lair:3   | Reached skill level 13 in Shields
 16206 | Lair:3   | Found a staircase to the Snake Pit.
 16304 | Lair:3   | Found a labyrinth entrance.
 16308 | Lab      | Entered a labyrinth
 17073 | Lab      | Noticed a minotaur
 17112 | Lab      | Killed a minotaur
 17123 | Lab      | Identified Vut Ewin's Tome of the Oath
 17443 | Lair:3   | Reached skill level 10 in Armour
 17498 | Lair:3   | Received a gift from Okawaru
 17699 | Lair:3   | Noticed an eight-headed hydra
 17720 | Lair:3   | Killed an eight-headed hydra
 17720 | Lair:3   | Reached skill level 10 in Maces & Flails
 17883 | Lair:3   | Reached skill level 10 in Fighting
 18144 | Lair:3   | Found a staircase to the Shoals.
 18334 | Lair:3   | Received a gift from Okawaru
 18608 | Lair:4   | Noticed Rupert
 18640 | Lair:4   | Killed Rupert
 18906 | Lair:4   | Noticed a death yak
 18942 | Lair:4   | Killed a death yak
 18942 | Lair:4   | Reached skill level 14 in Shields
 18968 | Lair:4   | Reached XP level 13. HP: 60/83 MP: 13/13
 19559 | Lair:4   | Received a gift from Okawaru
 19562 | Lair:4   | Got a jewelled scale mail {god gift}
 19573 | Lair:4   | Identified the +5 scale mail "Ruquxobb" {rC+} (Okawaru gifted it to you on level 4 of the Lair of Beasts)
 19583 | Lair:4   | Noticed a five-headed hydra
 19594 | Lair:4   | Killed a five-headed hydra
 20568 | Lair:5   | Got a warped helmet
 20569 | Lair:5   | Identified the +2 helmet of Infinity {Str+2} (You found it on level 5 of the Lair of Beasts)
 21764 | Lair:5   | Reached skill level 15 in Shields
 22286 | Lair:3   | Noticed an eight-headed hydra
 22300 | Lair:3   | Killed an eight-headed hydra
 22300 | Lair:3   | Received a gift from Okawaru
 22521 | D:9      | Bought the +10 mace "X" {crush, Str+3} for 949 gold pieces
 23007 | Lair:6   | Gained mutation: Your large and strong wings let you fly indefinitely. [Gargoyle growth]
 23007 | Lair:6   | Reached XP level 14. HP: 75/90 MP: 14/14
 23127 | Lair:6   | Received a gift from Okawaru
 23369 | Lair:6   | Found a runed door.
 23614 | Lair:6   | Reached skill level 16 in Shields
 24002 | Lair:7   | Received a gift from Okawaru
 24434 | Lair:7   | Found a staircase to the Slime Pits.
 24923 | Lair:8   | Entered Level 8 of the Lair of Beasts
 25419 | Lair:8   | Received a gift from Okawaru
 25555 | Lair:8   | Found a burning altar of Makhleb.
 25660 | Lair:8   | Reached XP level 15. HP: 48/97 MP: 5/15
 25663 | Lair:8   | Found a gateway to Hell.
 26116 | Lair:8   | Reached skill level 17 in Shields
 27108 | D:11     | Noticed Urug
 27131 | D:11     | Killed Urug
 27436 | D:11     | Received a gift from Okawaru
 27481 | D:11     | You are sucked into a shaft!
 27802 | D:12     | Gained mutation: You tend to lose your temper in combat. [mutagenic meat]
 27803 | D:12     | Gained mutation: You are occasionally teleported to nearby monsters. [mutagenic meat]
 28546 | D:13     | Noticed Frances
 28557 | D:13     | Killed Frances
 28840 | D:13     | Received a gift from Okawaru
 29575 | D:14     | Found a gate to the Vaults.
 29661 | D:13     | Received a gift from Okawaru
 30345 | D:14     | Reached XP level 16. HP: 65/104 MP: 16/16
 30365 | D:14     | Reached skill level 18 in Shields
 30378 | D:14     | Gained mutation: You have large cloven feet. [mutagenic meat]
 30379 | D:14     | Gained mutation: You can translocate small distances at will. [mutagenic meat]
 30380 | D:14     | Gained mutation: Your spells are a little harder to cast, but a little more powerful. [mutagenic meat]
 30648 | D:14     | Received a gift from Okawaru
 30937 | D:15     | Entered Level 15 of the Dungeon
 31052 | D:15     | Found a staircase to the Depths.
 31526 | D:15     | Reached skill level 15 in Maces & Flails
 32453 | D:10     | Killed a fire dragon
 32743 | Orc:1    | Entered Level 1 of the Orcish Mines
 33842 | Orc:4    | Entered Level 4 of the Orcish Mines
 33931 | Orc:4    | Found a staircase to the Elven Halls.
 33962 | Orc:4    | Noticed sqallbeste's ghost (powerful HOFi)
 33979 | Orc:4    | Killed sqallbeste's ghost
 34194 | Orc:3    | Noticed Donald
 34209 | Orc:3    | Received a gift from Okawaru
 34232 | Orc:3    | Killed Donald
 34379 | Orc:4    | Received a gift from Okawaru
 34460 | Orc:4    | Found Xeod's Antique Armour Emporium.
 34460 | Orc:4    | Found Zeugic's Jewellery Shop.
 34462 | Orc:4    | Found Foniho's Food Boutique.
 34508 | Orc:4    | Found Cimit's Antique Weapon Shoppe.
 34517 | Orc:4    | Bought the amulet "Ilosaoj" {Clar Str+2 Dex+5} for 667 gold pieces
 34576 | Orc:4    | Bought 3 fruits for 45 gold pieces
 34576 | Orc:4    | Bought a beef jerky for 15 gold pieces
 34576 | Orc:4    | Bought a meat ration for 50 gold pieces
 34576 | Orc:4    | Bought a fruit for 15 gold pieces
 34576 | Orc:4    | Bought a bread ration for 50 gold pieces
 34576 | Orc:4    | Bought 2 fruits for 30 gold pieces
 34576 | Orc:4    | Bought a meat ration for 50 gold pieces
 34576 | Orc:4    | Bought a bread ration for 50 gold pieces
 34576 | Orc:4    | Bought a bread ration for 50 gold pieces
 34576 | Orc:4    | Bought a bread ration for 50 gold pieces
 35258 | Snake:1  | Entered Level 1 of the Snake Pit
 35880 | Snake:1  | Got a slimy trident
 35881 | Snake:1  | Identified the +8 trident of Isyfi {vamp, Int+3} (You found it on level 1 of the Snake Pit)
 36036 | Snake:1  | Reached skill level 19 in Shields
 36126 | Snake:2  | Noticed Aizul
 36152 | Snake:2  | Killed Aizul
 36368 | Snake:2  | Reached XP level 17. HP: 105/111 MP: 17/17
 36810 | Snake:2  | Noticed Vashnia
 36859 | Snake:2  | Killed Vashnia
 37180 | Snake:2  | Found Waqugourr's Food Shop.
 37185 | Snake:2  | Bought a bread ration for 50 gold pieces
 37185 | Snake:2  | Bought a meat ration for 50 gold pieces
 37185 | Snake:2  | Bought a bread ration for 50 gold pieces
 37185 | Snake:2  | Bought a slice of pizza for 15 gold pieces
 37185 | Snake:2  | Bought a meat ration for 50 gold pieces
 37185 | Snake:2  | Bought a meat ration for 50 gold pieces
 37185 | Snake:2  | Bought a bread ration for 50 gold pieces
 37185 | Snake:2  | Bought a bread ration for 50 gold pieces
 37185 | Snake:2  | Bought a beef jerky for 15 gold pieces
 37185 | Snake:2  | Bought a royal jelly for 20 gold pieces
 37431 | Snake:2  | Received a gift from Okawaru
 38301 | Snake:3  | Found a sparkling altar of Nemelex Xobeh.
 38660 | Snake:3  | Reached skill level 20 in Shields
 38712 | Snake:4  | Entered Level 4 of the Snake Pit
 38722 | Snake:4  | Noticed Nikola
 38765 | Snake:4  | Killed Nikola
 39131 | Snake:4  | Received a gift from Okawaru
 39134 | Snake:4  | Got a heavily runed cloak {god gift}
 39146 | Snake:4  | Identified the +0 cloak of the Princess {rC+ Regen+ rCorr Int-5} (Okawaru gifted it to you on level 4 of the Snake Pit)
 39375 | Snake:4  | Noticed Jorgrun
 39407 | Snake:4  | Killed Jorgrun
 39569 | Snake:4  | Reached XP level 18. HP: 115/117 MP: 18/18
 39809 | Snake:4  | Noticed Wiglaf
 39840 | Snake:4  | Killed Wiglaf
 40137 | Snake:4  | Reached skill level 21 in Shields
 40290 | Snake:4  | Received a gift from Okawaru
 40798 | Snake:4  | Reached skill level 15 in Fighting
 41512 | Snake:4  | Received a gift from Okawaru
 41930 | Snake:4  | Got a serpentine rune of Zot
 42271 | Shoals:1 | Entered Level 1 of the Shoals
 42545 | Shoals:1 | Reached XP level 19. HP: 124/124 MP: 19/19
 42647 | Shoals:1 | Reached skill level 22 in Shields
 43202 | Shoals:2 | Found a shadowy altar of Dithmenos.
 43407 | Shoals:2 | Found a burning altar of Makhleb.
 44616 | Shoals:4 | Entered Level 4 of the Shoals
 44714 | Shoals:4 | Noticed Polyphemus
 45102 | Shoals:4 | Received a gift from Okawaru
 45407 | Shoals:4 | Noticed Roxanne
 45585 | Shoals:4 | Killed Roxanne
 45607 | Shoals:4 | Got a barnacled rune of Zot
 45650 | Shoals:4 | Noticed Ilsuiw
 45678 | Shoals:4 | Killed Ilsuiw
 46225 | Shoals:4 | Killed Polyphemus
 46569 | Shoals:1 | Upgraded the game from 0.17-a0-1301-ga863c44 to 0.17-a0-1311-gbcbd859
 46932 | Vaults:1 | Entered Level 1 of the Vaults
 47007 | Vaults:1 | Reached skill level 23 in Shields
 47025 | Vaults:1 | Received a gift from Okawaru
 47212 | Vaults:1 | Received a gift from Okawaru
 47535 | Vaults:1 | Reached XP level 20. HP: 131/131 MP: 20/20
 47923 | Vaults:1 | Reached skill level 15 in Armour
 48161 | Vaults:1 | Received a gift from Okawaru
 49142 | Vaults:2 | Noticed Mara
 49180 | Vaults:2 | Noticed nuthulu's illusion
 49183 | Vaults:2 | Killed Mara
 49601 | Vaults:2 | Received a gift from Okawaru
 50028 | Vaults:2 | Found Pisomoy Cuoh's Magic Scroll Shop.
 50047 | Vaults:2 | Reached skill level 24 in Shields
 50202 | Vaults:2 | Bought a scroll of teleportation for 36 gold pieces
 50202 | Vaults:2 | Bought a scroll of teleportation for 36 gold pieces
 50869 | Vaults:2 | Received a gift from Okawaru
 50888 | Vaults:2 | Reached XP level 21. HP: 25/137 MP: 21/21
 50891 | Vaults:2 | HP: 6/137 [vault warden/antimagic great sword (25)]
 50893 | Vaults:2 | Annihilated by a vault warden

Vault maps used:
D:1:      eino_arrival_water_cross
D:2:      tgw_trog, nicolae_ru_the_path_less_chosen
D:3:      lemuel_zombie_altar_yredelemnul
D:4:      nicolae_gozag_seed_capital, lemuel_crystal_altar, uniq_blork_the_orc
D:5:      kiku_gazebo_pond_becter, zin_statuary, first_bread,
          nicolae_tso_besieged_by_evil
D:6:      lemuel_doored_altar, minmay_temple_entry_glassed_door,
          eino_tiny_chamber, uniq_eustachio
D:7:      nicolae_overflow_crystal_walls, amethyst_overflow_temple_binary,
          roderic_lattice_a, fedhas_altar_fruit_tree
D:8:      lemuel_crystal_altar, lair_0_dummy, david_nohive_1
D:9:      serial_shops, shop, uniq_joseph, uniq_erolcha
D:10:     dragon1_lemuel, david_orc_3, spider_trap
D:11:     uniq_urug
D:13:     uniq_frances
D:14:     david_vaults_3, amethyst_killhole
D:15:     gammafunk_depths_entry_grave, minmay_crystal_room
Temple:   circular_temple_pool_8
Lair:1:   lemuel_fruit_tree
Lair:3:   elwin_shoals_entry_rooms, minmay_snake_entry_guardpost_small,
          lab_entry_generic, beast_lair_carwin_9
Lair:4:   beast_lair_carwin_4, uniq_rupert
Lair:6:   mu_elephants_graveyard, minmay_stone_trees_medium, pf_torpor_hydra
Lair:7:   minmay_lair_oklob_tunnel, minmay_slime_entry_oklob_open,
          beast_lair_carwin_11, bh_autumn_forest_stairs
Lair:8:   evil_forest, serial_bayou_shore_b
Shoals:1: hangedman_shoal_octodias
Shoals:2: hangedman_feature_mirror
Shoals:3: centaur_isle
Shoals:4: shoals_end_hangedman, shoals_ilsuiw_alternative, uniq_polyphemus,
          uniq_roxanne
Snake:2:  serial_shops, shop, uniq_aizul, uniq_vashnia
Snake:3:  basic_altar, basic_stair_grate_trap
Snake:4:  snake_pit_salamanders_mu, serial_bayou_lagoon_b, uniq_nikola,
          uniq_wiglaf, uniq_jorgrun
Orc:3:    basic_altar, nicolae_orc_pool_cavern, mines1_david, uniq_donald
Orc:4:    st_orc_rangers
Vaults:1: nicolae_vaults_little_squares_3, nicolae_vaults_ring_of_whatevers,
          nicolae_vaults_little_squares_2, v_misc_5,
          vaults_room_grunt_arrival_ludios
Vaults:2: nicolae_vaults_border_crossing, minmay_crypt_entry_simple_walls,
          v_rooms_2, nicolae_vaults_yaktaur_gun_rack, v_alt_pattern_1,
          vaults_room_mumra_shop_pool, st_eye, vaults_mumra_lcd,
          nicolae_vaults_twisting_passages, ontoclasm_vaults_fault,
          ontoclasm_vaults_decontamination, v_misc_18,
          hangedman_vaults_restitches, uniq_mara
Lab:      nicolae_lab_dead_adventurers, labyrinth_skeletal_remains,
          labyrinth_fake_exit, nicolae_lab_starburst, nicolae_lab_flowing_pool

Action                   |  1- 3 |  4- 6 |  7- 9 | 10-12 | 13-15 | 16-18 | 19-21 || total
-------------------------+-------+-------+-------+-------+-------+-------+-------++-------
Melee: Flail             |   160 |   224 |   605 |  1471 |   596 |       |       ||  3056
       Mace              |       |       |       |       |   764 |  2188 |  1805 ||  4757
       Demon whip        |       |       |       |       |   796 |       |       ||   796
Invok: Heroism           |       |       |       |     4 |       |     1 |     3 ||     8
 Abil: Fly               |       |       |       |       |     1 |       |       ||     1
       Blink             |       |       |       |       |       |       |     1 ||     1
  Use: Scroll            |     3 |     4 |     7 |    16 |    11 |     6 |     7 ||    54
       Potion            |     4 |     1 |     9 |    10 |     1 |     2 |     4 ||    31
 Stab: Invisible         |     1 |       |     6 |       |       |       |       ||     7
       Fleeing           |       |       |       |       |       |     1 |       ||     1
       Petrifying        |       |       |       |       |       |       |     3 ||     3
       Petrified         |       |       |       |       |       |       |     2 ||     2
       Distracted        |       |       |       |       |       |       |     1 ||     1
  Eat: Chunk             |     3 |     5 |     7 |    12 |     7 |     3 |       ||    37
       Bread ration      |       |       |     2 |     1 |     5 |     6 |     2 ||    16
       Pizza             |       |       |     1 |     1 |     5 |     3 |       ||    10
       Royal jelly       |       |       |     1 |     3 |     1 |     1 |       ||     6
       Fruit             |       |       |     1 |    11 |     1 |     7 |       ||    20
       Beef jerky        |       |       |       |     1 |       |     2 |       ||     3
       Meat ration       |       |       |       |       |     1 |     1 |     4 ||     6
